 Dungeon Crawl Stone Soup version 0.19.1 (webtiles) character file.

79 RaHiT the Charlatan (level 4, 0/33 HPs)
             Began as a Mummy Artificer on Nov 28, 2016.
             Slain by Robin
             ... wielding a +0 spear
              (4 damage)
             ... while paralysed by Grinder
             ... on level 3 of the Dungeon.
             The game lasted 00:08:18 (1428 turns).

RaHiT the Charlatan (Mummy Artificer)               Turns: 1428, Time: 00:08:19

Health: 0/33       AC:  7    Str: 16    XL:     4   Next: 16%
Magic:  5/5        EV:  2    Int: 10    God:
Gold:   112        SH:  0    Dex: 12    Spells: 0 memorised, 3 levels left

rFire  x . .     SeeInvis .     f - +1 spear (pierce)
rCold  + . .     Gourm    .     i - +0 scale mail
rNeg   + + +     Faith    .     b - +0 shield
rPois  ∞         Spirit   .     (no helmet)
rElec  .         Reflect  .     (no cloak)
rCorr  .         Harm     .     (no gloves)
MR     .....                    g - +0 pair of boots
Stlth  ..........               (no amulet)
                                (no ring)
                                (no ring)

@: paralysed
A: no food or potions, fire vulnerability, cold resistance 1, negative energy
resistance 3, torment resistance, unbreathing
a: no special abilities


You were on level 3 of the Dungeon.
You were not hungry.

You visited 1 branch of the dungeon, and saw 3 of its levels.

You collected 112 gold pieces.

Inventory:

Hand Weapons
 a - a +0 short sword
 f - a +1 spear of piercing (weapon)
Missiles
 j - 6 needles of paralysis
Armour
 b - a +0 shield (worn)
 g - a +0 pair of boots (worn)
 i - a +0 scale mail (worn)
Wands
 c - a wand of flame (15/48)
 d - a wand of enslavement (15/24)
 e - a wand of random effects (15/48)
Scrolls
 h - 3 scrolls of identify


   Skills:
 - Level 2.0 Fighting
 - Level 0.7 Short Blades
 - Level 2.1 Polearms
 * Level 1.3 Armour
 - Level 1.5 Dodging
 - Level 0.7 Stealth
 - Level 2.4 Evocations


You had 3 spell levels left.
You didn't know any spells.

Dungeon Overview and Level Annotations

Branches:
Dungeon (3/15)

Altars:
Elyvilon
Makhleb

Annotations:
D:3 Grinder; Iskender's ghost, amateur FoWn; Robin


Innate Abilities, Weirdness & Mutations

You do not eat or drink.
Your flesh is vulnerable to fire.
You are immune to poison.
Your flesh is cold resistant. (rC+)
You are immune to negative energy. (rN+++)
You are immune to unholy pain and torment.
You can survive without breathing.


Message History

The goblin closely misses you. The goblin hits you but does no damage.
You closely miss Grinder.
Grinder is heavily wounded.
Grinder gestures at you.
You suddenly lose the ability to move!
The goblin hits you but does no damage. The goblin barely misses you.
The goblin hits you with a dagger! Robin hits you from afar with a spear.
A goblin comes into view.
Grinder barely misses you.
The goblin hits you but does no damage. x2
The goblin hits you with a dagger. Grinder hits you.
The goblin hits you but does no damage. x2
The goblin barely misses you. Robin hits you from afar with a spear.
Grinder hits you.
* * * LOW HITPOINT WARNING * * *
The goblin hits you but does no damage. x3
Grinder hits you but does no damage. The goblin hits you but does no damage.
The goblin hits you with a dagger.
* * * LOW HITPOINT WARNING * * *
The goblin hits you but does no damage. Robin hits you from afar with a spear.
You die...

#.... ####
### ..# ..#
##>##...#
#...#...###
#.gg.......
#gg5g.g#
##@###.# #g#
#.## ..g #g#
#..##...#
#g###.#...g..
#g##....g....
#...g.##.....
#..#.## ...#
#..#.# .##
......# #


You could see Grinder, Robin, a hobgoblin and 8 goblins.

Vanquished Creatures
  3 adders (D:2)
  A worm (D:2)
  3 dart slugs
  2 leopard geckos (D:1)
  3 orcs (D:3)
  2 ball pythons
  A giant cockroach (D:1)
  5 goblins (D:1)
  2 hobgoblins (D:1)
  9 kobolds
  4 bats
  4 frilled lizards
  3 rats (D:2)
42 creatures vanquished.

Notes
Turn   | Place    | Note
-------+----------+-------------------------------------------
     0 | D:1      | RaHiT the Mummy Artificer began the quest for the Orb.
     0 | D:1      | Reached XP level 1. HP: 15/15 MP: 2/2
    76 | D:1      | Reached XP level 2. HP: 21/22 MP: 3/3
   145 | D:1      | Reached skill level 1 in Polearms
   424 | D:2      | Found a white marble altar of Elyvilon.
   432 | D:2      | Reached XP level 3. HP: 21/27 MP: 4/4
   675 | D:2      | Found a burning altar of Makhleb.
   828 | D:2      | Reached skill level 1 in Armour
   835 | D:2      | Reached XP level 4. HP: 32/33 MP: 5/5
  1163 | D:3      | Noticed Iskender's ghost (amateur FoWn)
  1406 | D:3      | Noticed Grinder
  1419 | D:3      | Noticed Robin
  1424 | D:3      | Paralysed by Grinder for 5 turns
  1428 | D:3      | Slain by Robin

Skill      XL: |  1  2  3 |
---------------+----------+-----
Fighting       | 2 |  2.0
Polearms       | 1 2 |  2.1
Armour         | 1 |  1.3
Short Blades   | |  0.7
Dodging        | |  1.5
Stealth        | |  0.7
Evocations     | |  2.4

Action                   |  1- 3 |  4- 6 || total
-------------------------+-------+-------++-------
Melee: Short sword       |    16 |       ||    16
       Spear             |   112 |    34 ||   146
  Use: Scroll            |       |     1 ||     1
 Stab: Sleeping          |     1 |       ||     1
Armor: Leather armour    |     8 |       ||     8
       Scale mail        |    36 |    22 ||    58
Dodge: Dodged            |    52 |     6 ||    58
Block: Shield            |       |     8 ||     8
